 Dungeon Crawl Stone Soup version 0.30.0-15-g856e2d3f33 (webtiles) character file.

Game seed: 2840919768406424258

406 snetch the Chopper (level 6, 0/84 HPs)
             Began as a Minotaur Berserker on May 19, 2023.
             Was a Priest of Trog.
             Succumbed to a gnoll sergeant's poison
             ... on level 4 of the Dungeon.
             The game lasted 00:07:43 (3395 turns).

snetch the Chopper (Minotaur Berserker)             Turns: 3395, Time: 00:07:44

Health: 0/84       AC:  4    Str: 29    XL:     6   Next: 56%
Magic:  5/5        EV: 12    Int:  4    God:    Trog [***...]
Gold:   222        SH:  0    Dex: 10    Spells: 5/5 levels left

rFire   . . .        K - +0 flail
rCold   + . .        (no shield)
rNeg    . . .        o - +0 troll leather armour
rPois   .            (helmet restricted)
rElec   .            (no cloak)
rCorr   .            (no gloves)
SInv    .            (no boots)
Will    .....        h - amulet of regeneration Stlth
                     n - ring of protection from cold
HPRegen 1.94/turn    v - +6 ring of strength
MPRegen 0.09/turn

%: no passive effects
@: berserking, lethally poisoned (0 -> -21), very quick
A: horns 2, retaliatory headbutt
a: Renounce Religion, Berserk, Trog's Hand


You were on level 4 of the Dungeon.
You worshipped Trog.
Trog was most pleased with you.
You visited 1 branch of the dungeon, and saw 5 of its levels.

You collected 222 gold pieces.

Inventory:

Hand Weapons
 a - a +0 hand axe
 K - a +0 flail (weapon)
Missiles
 b - 10 poisoned darts (quivered)
 c - 51 stones
 J - 3 silver boomerangs
Armour
 o - a +0 troll leather armour (worn)
 x - a +0 chain mail
 D - a +0 plate armour
 E - a +0 ring mail
 I - a +0 scale mail
Jewellery
 e - a ring of fire
 h - an amulet of regeneration (around neck)
 n - a ring of protection from cold (left hand)
 v - a +6 ring of strength (right hand)
 L - a ring of positive energy
Wands
 y - a wand of roots (8)
Scrolls
 d - 8 scrolls of identify {unknown}
 f - a scroll of blinking {unknown}
 i - a scroll of enchant weapon {unknown}
 k - a scroll of fog {unknown}
 p - a scroll of enchant armour {unknown}
 q - 2 scrolls of teleportation {unknown}
 w - a scroll of noise {unknown}
 A - a scroll of poison {unknown}
 B - a scroll of torment {unknown}
 C - 2 scrolls of magic mapping {unknown}
 F - a scroll of fear {unknown}
 G - a scroll of vulnerability {unknown}
 H - a scroll of brand weapon {unknown}
Potions
 g - a potion of attraction {unknown}
 j - 3 potions of curing {unknown}
 l - 2 potions of flight {unknown}
 m - 2 potions of heal wounds {unknown}
 r - 2 potions of might {unknown}
 s - 2 potions of degeneration {unknown}
 t - 2 potions of brilliance {unknown}
 u - a potion of resistance {unknown}
 z - a potion of cancellation {unknown}


   Skills:
 + Level 5.1 Fighting
 + Level 6.4 Axes
 + Level 0.1 Throwing
 + Level 3.8 Armour
 + Level 4.0 Dodging
 + Level 0.5 Stealth


You had 5 spell levels left.
You didn't know any spells.
Your spell library contained the following spells:

 Spells                   Type           Power      Damage    Failure   Level
 Gell's Gravitas          Tloc           0%         N/A       88%         3
 Teleport Other           Tloc           0%         N/A       88%         3
 Dispersal                Tloc           0%         N/A       100%        6


Dungeon Overview and Level Annotations

Branches:
Dungeon (5/15)
 Temple: D:4-7

Altars:
Elyvilon
Makhleb

Annotations:
D:4 2 runed translucent doors, NateTC's ghost, amateur TrFi


Innate Abilities, Weirdness & Mutations

You have a pair of horns on your head.
You reflexively headbutt those who attack you in melee.


Message History

The gnoll shouts! x2; The gnoll sergeant shouts!
The gnoll shouts!
The gnoll hits you from afar with a +0 halberd!
Found a scroll labelled GUFUDU EBAQ.
The gnoll misses you.
The gnoll sergeant hits you with a +1 spear of venom!
You are poisoned.
The gnoll hits you with a +0 spear.
There is an open door here.
You hit the gnoll sergeant. You headbutt the gnoll sergeant.
The gnoll sergeant is lightly wounded.
You feel very sick. The gnoll barely misses you.
The gnoll sergeant hits you with a +1 spear of venom.
You are more poisoned.
The gnoll hits you with a +0 spear.
A red film seems to cover your vision as you go berserk!
You feel yourself moving faster!
You feel mighty!
You feel very sick. The gnoll closely misses you. You furiously retaliate!
You headbutt the gnoll!
You kill the gnoll!
Trog accepts your kill.
The gnoll sergeant hits you with a +1 spear of venom!
* * * LOW HITPOINT WARNING * * *
You are more poisoned.
The gnoll closely misses you.
Your Dodging skill increases to level 4!
You closely miss the gnoll sergeant.
Your headbutt misses the gnoll sergeant.
Your punch misses the gnoll sergeant.
The gnoll sergeant is lightly wounded.
You feel very sick. The gnoll hits you but does no damage.
The gnoll sergeant hits you with a +1 spear of venom!
* * * LOW HITPOINT WARNING * * *
You are lethally poisoned!
The gnoll hits you with a +0 spear.
* * * LOW HITPOINT WARNING * * *
You closely miss the gnoll sergeant.
The gnoll sergeant is lightly wounded.
You die...

#................###....#.###
#.########.#####..##....#..##
#####....[..≈≈≈≈≈≈≈≈≈.......##.>.
......######≈##≈≈≈##≈###....####.
###..## #≈#######≈# #....# ##
#.## #≈≈#.?.#≈≈.####### # #.#
#≈≈#.g.#≈≈...# # ##.#
#≈≈#ggg#≈≈##.# # ##..#
#≈###@###≈##.######### ...##
#≈##≈.≈##≈#..........#
.###########≈≈≈≈.≈≈≈≈............
.................###........<....
################## #.............
#............. #.............
#............. ##........)...


You could see a gnoll sergeant and 3 gnolls.

Vanquished Creatures
  2 scorpions
  A hound (D:5)
  An iguana (D:4)
  Jessica (D:3)
  A gnoll (D:4)
  10 adders
  A worm (D:2)
  2 dart slugs
  An orc (D:4)
  8 endoplasms
  5 giant cockroaches
  5 hobgoblins
  7 jackals
  7 kobolds
  2 quokkas
  14 ball pythons
  4 bats
  4 frilled lizards
  15 goblins
  4 rats (D:1)
95 creatures vanquished.

Notes
Turn   | Place    | Note
-------+----------+-------------------------------------------
     0 | D:1      | snetch the Minotaur Berserker began the quest for the Orb.
     0 | D:1      | Reached XP level 1. HP: 19/19 MP: 0/0
   215 | D:1      | Found a faded altar of an unknown god.
   241 | D:1      | Reached XP level 2. HP: 15/27 MP: 1/1
   242 | D:1      | Reached skill level 4 in Axes
   463 | D:1      | Reached ** piety under Trog
   465 | D:1      | Reached XP level 3. HP: 34/34 MP: 2/2
  1261 | D:2      | Reached XP level 4. HP: 41/41 MP: 3/3
  1524 | D:2      | Found a white marble altar of Elyvilon.
  1531 | D:2      | Reached *** piety under Trog
  2215 | D:3      | Reached skill level 5 in Axes
  2244 | D:3      | Noticed Jessica
  2248 | D:3      | Killed Jessica
  2249 | D:3      | Reached XP level 5. HP: 46/47 MP: 4/4
  2862 | D:4      | Reached skill level 5 in Fighting
  2862 | D:4      | Reached skill level 6 in Axes
  2862 | D:4      | Reached XP level 6. HP: 55/56 MP: 5/5
  2939 | D:4      | Found a large runed translucent door.
  2939 | D:4      | Found a large runed translucent door.
  2940 | D:4      | Noticed NateTC's ghost (amateur TrFi)
  2970 | D:5      | Entered Level 5 of the Dungeon
  3284 | D:4      | Found a burning altar of Makhleb.
  3395 | D:4      | Succumbed to a gnoll sergeant's poison

Illustrated notes

Levels and vault maps discovered:
D:1:      dpeg_arrival_signposts, layout_basic,
          hellmonk_ecumenical_altar_slurped_away, minmay_misc_feat_tiny,
          serial_bayou_lagoon_a, minmay_3d_cube
D:2:      layout_basic, basic_altar, minmay_misc_feat_nine_boxes
D:3:      layout_loops_ring, minmay_snake_closets, uniq_jessica
D:4:      layout_rooms, mainiacjoe_overflow_alcove_4,
          ebering_ghost_disaster_area, lightli_minifort
D:5:      layout_basic, mainiacjoe_overflow_alcove_1, ldierk_geyser

Skill      XL: |  1  2  3  4  5  6 |
---------------+-------------------+-----
Axes           | 4 5 6 |  6.4
Fighting       | 4 5 |  5.1
Dodging        | 3 4 |  4.0
Armour         | 3 |  3.8
Throwing       | |  0.1
Stealth        | |  0.5

Action                     |  1- 3 |  4- 6 || total
---------------------------+-------+-------++-------
  Melee: Hand axe          |    88 |   105 ||   193
         Headbutt          |     7 |    18 ||    25
         Flail             |       |     4 ||     4
  Throw: Dart              |       |     6 ||     6
 Invoke: Berserk           |       |     1 ||     1
   Stab: Sleeping          |       |     1 ||     1
 Armour: Animal skin       |     7 |       ||     7
         Leather armour    |    14 |       ||    14
         Troll leather arm |       |    30 ||    30
  Dodge: Dodged            |    66 |   106 ||   172
